 Dungeon Crawl Stone Soup version 0.32-a0-685-g93135e86f0 (webtiles) character file.

Game seed: 6279522007679738122

16991 gaul the Severer (level 12, -2/112 HPs)
             Began as a Minotaur Berserker on Mar 13, 2024.
             Was an Elder of Trog.
             Killed from afar by a kobold blastminer (35 damage)
             ... with an iron shot
             ... on level 1 of the Orcish Mines.
             The game lasted 00:46:15 (17587 turns).

gaul the Severer (Minotaur Berserker)              Turns: 17587, Time: 00:46:15

Health: -2/112     AC: 17    Str: 27    XL:     12   Next: 14%
Magic:  11/11      EV:  9    Int:  4    God:    Trog [****..]
Gold:   809        SH:  0    Dex: 10    Spells: 11/11 levels left

rFire   . . .        L - +3 broad axe (venom)
rCold   . . .        (no shield)
rNeg    . . .        z - +0 plate armour
rPois   .            (helmet restricted)
rElec   .            D - +0 cloak
rCorr   +            (no gloves)
SInv    .            (no boots)
Will    +....        (no amulet) Stlth
                     c - ring of resist corrosion
HPRegen 0.38/turn    Q - ring of willpower
MPRegen 0.12/turn

%: no passive effects
@: no status effects
A: horns 2, retaliatory headbutt
a: Renounce Religion, Berserk, Trog's Hand, Brothers in Arms


You were on level 1 of the Orcish Mines.
You worshipped Trog.
Trog was greatly pleased with you.
You visited 2 branches of the dungeon, and saw 12 of its levels.

You collected 889 gold pieces.
You spent 80 gold pieces at shops.

Inventory:

Hand Weapons
 a - a +0 hand axe
 e - a +0 mace
 B - a +4 hammer
 J - a +0 war axe
 L - a +3 broad axe of venom (weapon)
Missiles
 m - 6 darts of dispersal
 G - 9 boomerangs (quivered)
 O - a throwing net
Armour
 b - a +0 animal skin
 d - a +0 ring mail
 n - a +0 scale mail
 z - a +0 plate armour (worn)
 D - a +0 cloak (worn)
 K - an orb of mayhem
 M - +0 swamp dragon scales
 P - +0 steam dragon scales
Jewellery
 c - a ring of resist corrosion (left hand)
 l - a ring of flight
 v - a ring of fire
 Q - a ring of willpower (right hand)
Talismans
 q - a blade talisman
Wands
 g - a wand of mindburst (6)
 o - a wand of polymorph (7)
 t - a wand of flame (50)
 y - a wand of paralysis (10)
 N - a wand of roots (13)
Scrolls
 j - 2 scrolls of revelation
 p - 2 scrolls of teleportation
 x - a scroll of blinking
 A - a scroll of torment
 H - 2 scrolls of vulnerability
 I - 7 scrolls of identify
Potions
 f - a potion of attraction
 k - a potion of berserk rage
 s - 2 potions of mutation


   Skills:
 + Level 11.9 Fighting
 + Level 15.7 Axes
 + Level 13.2 Armour
 + Level 4.7 Dodging
 + Level 1.6 Stealth
 + Level 1.8 Unarmed Combat


You had 11 spell levels left.
You didn't know any spells.
Your spell library contained the following spells:

 Spells                   Type           Power      Damage    Failure   Level
 Mercury Vapours          Alch/Air       0%         N/A       99%         2
 Mephitic Cloud           Conj/Alch/Air  0%         N/A       100%        3
 Freezing Cloud           Conj/Ice/Air   0%         6-21      100%        5


Dungeon Overview and Level Annotations

Branches:
Dungeon (11/15)            Temple (0/1) D:4            Lair (0/5) D:11
    Orc (1/2) D:9

Altars:
Ashenzari
Fedhas
Gozag
Kikubaaqudgha
Okawaru
Qazlal
Ru
Trog
Uskayaw
Wu Jian
Zin

Shops:
D:4 [[!*:


Innate Abilities, Weirdness & Mutations

You have a pair of horns on your head.
You reflexively headbutt those who attack you in melee.


Message History

The kobold blastminer looks as sick as possible!
The kobold blastminer is moderately wounded.
The kobold blastminer hits you but does no damage.
The kobold blastminer blasts its cannon at you.
The iron shot hits you!!
You slice the kobold blastminer!!
The kobold blastminer looks as sick as possible!
The kobold blastminer is almost dead.
The kobold blastminer blasts its cannon at you.
The iron shot hits you!
The kobold blastminer is knocked back by the blast.
The kobold blastminer hits you but does no damage.
The kobold blastminer blasts its cannon at you.
The iron shot hits you!!
* * * LOW HITPOINT WARNING * * *
The kobold blastminer is knocked back by the blast.
You are too injured to fight recklessly!
You are too injured to fight recklessly!
You are too injured to fight recklessly!
Unknown command.
Okay, then.
You feel better.
You kill the kobold blastminer!
Trog accepts your kill.
The kobold blastminer hits you but does no damage.
Unknown command.
You hit the kobold blastminer.
The kobold blastminer is poisoned.
The kobold blastminer is lightly wounded.
The kobold blastminer blasts its cannon at you.
The iron shot hits you.
* * * LOW HITPOINT WARNING * * *
You slice the kobold blastminer!!
The kobold blastminer looks as sick as possible!
The kobold blastminer is severely wounded.
You hit the kobold blastminer.
The kobold blastminer looks as sick as possible!
The kobold blastminer is almost dead.
The kobold blastminer blasts its cannon at you.
The iron shot hits you!!
You die...

### ####.##
#..####.#...# ##
.....#...#..##.##
.......#.........#
.............#..#
##...............#
#............†#.##
#.........##.#...#
.......>..#####@K#
#..........#
#........
#.........##
##.).....
#..#....####
#...##.
..........#.##
...#
.............##
...#
..............##
.##
................
##
.....#..........


You could see a kobold blastminer (extremely poisoned).

Vanquished Creatures
  A rakshasa (D:9)
  A two-headed ogre (D:11)
  Pikel (D:8)
  An ugly thing (D:9)
  An orc sorcerer (Orc:1)
  Maurice (D:7)
  A cyclops (D:9)
  An elephant (D:11)
  A kobold blastminer (Orc:1)
  Joseph (D:8)
  2 unseen horrors (D:10)
  Maggie (D:7)
  A kobold demonologist (D:10)
  Jeremiah (D:7)
  Psyche (D:8)
  3 trolls
  A hornet (D:7)
  Grinder (D:3)
  Sigmund (D:4)
  A wraith (D:10)
  A wyvern (D:7)
  A vampire (D:11)
  19 yaks
  Eustachio (D:4)
  2 wargs (Orc:1)
  6 vampire mosquitoes
  2 steam dragons
  2 basilisks (D:11)
  An acid dragon (D:11)
  A water moccasin (D:9)
  7 orc warriors
  Duvessa (D:6)
  3 sky beasts
  2 ice beasts
  3 ogres
  3 centaurs
  4 lemures (D:8)
  A gnoll sergeant (D:9)
  2 bullfrogs
  4 kobold brigands
  5 wights
  Dowan (D:6)
  20 killer bees
  6 howler monkeys
  A bombardier beetle (D:7)
  2 hounds
  Crazy Yiuf (D:5)
  10 orc priests
  4 jellies
  A sleepcap (D:4)
  An iguana (D:5)
  Terence (D:2)
  15 orc wizards
  Robin (D:2)
  12 gnolls
  8 adders
  3 white imps
  3 ribbon worms (D:4)
  2 dart slugs
  58 orcs
  8 ball pythons
  5 bats
  4 endoplasms
  4 giant cockroaches
  16 hobgoblins
  3 quokkas
  A frilled lizard (D:2)
  16 goblins
  12 kobolds
  6 rats
319 creatures vanquished.

Vanquished Creatures (others)
  The ghost of cjoo the Thaumaturge, a journeyman DjAE of Beogh (D:9)
  A yak (D:9)
  A phantom (D:7)
3 creatures vanquished.

Grand Total: 322 creatures vanquished

Notes
Turn   | Place    | Note
-------+----------+-------------------------------------------
     0 | D:1      | gaul the Minotaur Berserker began the quest for the Orb.
     0 | D:1      | Reached XP level 1. HP: 19/19 MP: 0/0
   184 | D:1      | Reached skill level 4 in Axes
   184 | D:1      | Reached XP level 2. HP: 27/27 MP: 1/1
   397 | D:1      | Found a faded altar of an unknown god.
   889 | D:2      | Noticed Robin
   892 | D:2      | Reached XP level 3. HP: 26/33 MP: 2/2
   894 | D:2      | Killed Robin
   897 | D:2      | Reached ** piety under Trog
  1014 | D:2      | Reached XP level 4. HP: 32/41 MP: 3/3
  1806 | D:2      | Reached skill level 5 in Axes
  1921 | D:3      | Noticed Terence
  1948 | D:2      | Killed Terence
  1949 | D:2      | Reached XP level 5. HP: 18/47 MP: 4/4
  2282 | D:3      | Reached skill level 5 in Fighting
  2360 | D:3      | Found an ancient bone altar of Kikubaaqudgha.
  2371 | D:3      | Reached XP level 6. HP: 56/56 MP: 5/5
  2506 | D:3      | Reached *** piety under Trog
  2594 | D:3      | Reached skill level 6 in Axes
  2706 | D:3      | Noticed Grinder
  2708 | D:3      | Found a sacrificial altar of Ru.
  2723 | D:3      | Killed Grinder
  3051 | D:4      | Found Rogoxtan's Antique Armour Shop.
  3111 | D:4      | Found a staircase to the Ecumenical Temple.
  3174 | D:4      | Found a transporter.
  3177 | D:4      | Found Qutuip's Armour Shoppe.
  3179 | D:4      | Found a transporter.
  3209 | D:4      | Found Fyexoc's Distillery.
  3214 | D:4      | Bought a potion of mutation for 80 gold pieces
  3309 | D:4      | Noticed Eustachio
  3336 | D:4      | Killed Eustachio
  3337 | D:4      | Reached skill level 7 in Axes
  3337 | D:4      | Reached XP level 7. HP: 30/62 MP: 6/6
  3659 | D:4      | Reached skill level 5 in Armour
  3815 | D:4      | Found Ubraacs's Assorted Antiques.
  4374 | D:4      | Found Qaatastra's Book Shoppe.
  4638 | D:4      | Noticed a moth of wrath
  4820 | D:4      | Found a bloodstained altar of Trog.
  4834 | D:4      | HP: 4/94 [ribbon worm (3)]
  4979 | D:4      | Noticed Sigmund
  5004 | D:4      | Killed Sigmund
  5005 | D:4      | Reached XP level 8. HP: 46/71 MP: 7/7
  5173 | D:5      | Entered Level 5 of the Dungeon
  5548 | D:5      | Reached skill level 8 in Axes
  5639 | D:5      | Found an ornate altar of the Wu Jian Council.
  5746 | D:5      | Found a runed translucent door.
  5747 | D:5      | Noticed Crazy Yiuf
  5752 | D:5      | Killed Crazy Yiuf
  5983 | D:6      | Identified the +1 robe of Mumblety Peg {rF+ rC+ Slay+4}
  6084 | D:6      | Reached skill level 9 in Axes
  6088 | D:6      | Reached XP level 9. HP: 53/79 MP: 8/8
  6534 | D:6      | Reached skill level 10 in Axes
  6747 | D:7      | Noticed Duvessa
  6747 | D:7      | Noticed Dowan
  6758 | D:6      | Killed Dowan
  6769 | D:6      | Killed Duvessa
  7045 | D:7      | Noticed Jeremiah
  7074 | D:7      | Killed Jeremiah
  7075 | D:7      | Reached skill level 1 in Stealth
  7491 | D:7      | Noticed Maggie
  7501 | D:7      | Killed Maggie
  7502 | D:7      | Reached skill level 11 in Axes
  7502 | D:7      | Reached skill level 1 in Unarmed Combat
  8171 | D:7      | Noticed Maurice
  8181 | D:7      | Maurice stole a ring of flight
  8185 | D:7      | Something stole a +4 hammer
  8198 | D:7      | Something stole an orb of mayhem
  8200 | D:7      | Something stole 3 boomerangs
  8207 | D:7      | Maurice stole 269 gold
  8229 | D:7      | Killed Maurice
  8230 | D:7      | Reached XP level 10. HP: 18/90 MP: 1/9
  8596 | D:7      | Reached skill level 12 in Axes
  8673 | D:7      | Reached **** piety under Trog
  9150 | D:7      | Found a blossoming altar of Fedhas.
  9586 | D:8      | Reached skill level 10 in Armour
  9740 | D:8      | Noticed Psyche
  9744 | D:8      | Paralysed by Psyche for 1 turns
  9748 | D:8      | Killed Psyche
  9769 | D:8      | Noticed Joseph
  9811 | D:8      | Killed Joseph
 12550 | D:8      | Noticed Pikel
 12553 | D:8      | Found a stormy altar of Qazlal.
 12562 | D:8      | Killed Pikel
 12563 | D:8      | Reached skill level 13 in Axes
 12922 | D:9      | Reached skill level 10 in Fighting
 13091 | D:9      | Found a runed translucent gate.
 13091 | D:9      | Found a runed translucent gate.
 13091 | D:9      | Found a runed translucent gate.
 13093 | D:9      | Found an opulent altar of Gozag.
 13093 | D:9      | Noticed a brown ugly thing
 13095 | D:9      | Noticed a cyclops
 13095 | D:9      | Noticed a rakshasa
 13095 | D:9      | Noticed cjoo's ghost (journeyman DjAE)
 13109 | D:9      | Found an opulent altar of Gozag.
 13348 | D:9      | Reached XP level 11. HP: 31/99 MP: 10/10
 13917 | D:9      | Found an iron altar of Okawaru.
 13949 | D:9      | Found a staircase to the Orcish Mines.
 14139 | D:9      | Killed a brown ugly thing
 14144 | D:9      | Killed cjoo's ghost
 14145 | D:9      | Reached skill level 14 in Axes
 14145 | D:9      | Killed a rakshasa
 14723 | D:10     | Entered Level 10 of the Dungeon
 15532 | D:10     | Found a broken altar of Ashenzari.
 15645 | D:10     | Found a glowing silver altar of Zin.
 15923 | D:10     | Found a hide-covered altar of Uskayaw.
 16063 | D:11     | Reached skill level 15 in Axes
 16680 | D:11     | Found a staircase to the Lair.
 16910 | D:11     | Noticed a two-headed ogre
 16921 | D:11     | Killed a two-headed ogre
 16926 | D:11     | Reached XP level 12. HP: 59/110 MP: 11/11
 17381 | Orc:1    | Entered Level 1 of the Orcish Mines
 17587 | Orc:1    | Killed from afar by a kobold blastminer

Illustrated notes

Levels and vault maps discovered:
D:1:      kilobyte_arrival_exit_the_forest, layout_basic,
          shapermc_ecumenical_altar_mp_highgroup
D:2:      layout_loops_cross, minmay_pentomino_x4, uniq_robin
D:3:      layout_loops_corners, lemuel_round_altar, nicolae_ru_awakened_eye,
          uniq_grinder, uniq_terence
D:4:      layout_loops_corners, tgw_trog, minmay_temple_entry_overgrown,
          serial_shops, shop_fountains, shop, nicolae_shop_back_alley_shop,
          nicolae_shop_drivethru, shop, dk_noncrumbling_3, uniq_eustachio,
          uniq_sigmund
D:5:      layout_loops_ring, nicolae_wu_jian_immortal_techniques,
          uniq_crazy_yiuf_cottage
D:6:      layout_loops_ring
D:7:      kennysheep_spiral_hall, layout_layer_cave, kennysheep_little_box,
          uniq_maurice, uniq_duvessa, uniq_maggie, uniq_jeremiah
D:8:      layout_basic, nicolae_qazlal_beasts_of_the_sky, uniq_joseph,
          uniq_pikel, uniq_psyche
D:9:      layout_cave_pools, mainiacjoe_overflow_tiny_flanked,
          mainiacjoe_overflow_alcove_2, orc_0_dummy, ebering_ghost_gozag,
          roderic_malta_cross, kennysheep_generic_room_5
D:10:     layout_gridville, kennysheep_mini,
          mainiacjoe_overflow_surrounded_room, cheibrodos_ashenzari_chains,
          nicolae_benzene_ring, st_stairs_9, kennysheep_small_spiral
D:11:     layout_cave_pools, david_lair_generic
Orc:1:    layout_caves, serial_shops, shop, gammafunk_ghost_necromancy,
          mines2_david

Skill      XL: |  1  2  3  4  5  6  7  8  9 10 11 |
---------------+----------------------------------+-----
Axes           | 4 5 7 9 11 13 15 | 15.7
Fighting       | 4 5 6 7 8 10 11 | 11.9
Armour         | 3 4 6 7 9 11 13 | 13.2
Dodging        | 3 4 |  4.7
Stealth        | 1 |  1.6
Unarmed Combat | 1 |  1.8

Action                     |  1- 3 |  4- 6 |  7- 9 | 10-12 || total
---------------------------+-------+-------+-------+-------++-------
  Melee: Hand axe          |    65 |   132 |   179 |       ||   376
         Headbutt          |     7 |    17 |    34 |    74 ||   132
         Broad axe         |       |       |    83 |   390 ||   473
         War axe           |       |       |    19 |       ||    19
         Unarmed           |       |       |    13 |       ||    13
 Invoke: Berserk           |     1 |     2 |     8 |    12 ||    23
         Trog's Hand       |       |     1 |     4 |     6 ||    11
    Use: Scroll            |       |     4 |     5 |    10 ||    19
         Potion            |       |       |     7 |     8 ||    15
 Armour: Animal skin       |    19 |       |       |       ||    19
         Ring mail         |    30 |    45 |       |       ||    75
         Scale mail        |       |    66 |    47 |       ||   113
         Plate armour      |       |       |   206 |   570 ||   776
         Skin              |       |       |     5 |       ||     5
  Dodge: Dodged            |    40 |    78 |   111 |   160 ||   389

Table legend: (Time is in decaauts)
 A = Elapsed time spent in this place.
 B = Non-inter-level travel time spent in this place.
 C = Inter-level travel time spent in this place.
 D = Time resting spent in this place.
 E = Time spent auto-exploring this place.
 F = Levels seen in this place.
 G = Mean time per level.
                   A        B        C        D        E       F      G
               +--------+--------+--------+--------+--------+-----+--------+
         Total |  17713 |  17186 |    527 |   6256 |   8704 |  12 | 1476.1 |
       Dungeon |  17517 |  16990 |    527 |   6256 |   8607 |  11 | 1592.5 |
  Orcish Mines |    196 |    196 |      0 |      0 |     97 |   1 |  196.0 |
               +--------+--------+--------+--------+--------+-----+--------+

Top non-repeatable levels by time:
     D:8: 3269 daAuts
     D:7: 2811 daAuts
     D:4: 2142 daAuts
     D:9: 1826 daAuts
    D:10: 1330 daAuts
    D:11: 1306 daAuts
     D:2: 1175 daAuts
     D:6: 1112 daAuts
     D:3: 1030 daAuts
     D:1: 888 daAuts
     D:5: 625 daAuts
   Orc:1: 196 daAuts
